 Dungeon Crawl Stone Soup version 0.14-a0-3194-g0089908 (webtiles) character file.

83872 4tharraofdagon the Brawler (level 15, -8/160 HPs)
             Began as a Troll Earth Elementalist on Mar 10, 2014.
             Was an Elder of Cheibriados.
             Mangled by a deep elf blademaster
             ... wielding a +0,+0 quick blade
              (17 damage)
             ... on Level 3 of the Elven Halls on Mar 11, 2014.
             The game lasted 01:31:47 (11962 turns).

4tharraofdagon the Brawler (TrEE)                  Turns: 11962, Time: 01:31:47

HP  -8/160       AC 10     Str 44      XL: 15   Next: 31%
MP  24/25        EV 22     Int 21      God: Cheibriados [****..]
Gold 592         SH  0     Dex 24      Spells:  2 memorised, 19 levels left

rFire  + . .     SeeInvis .       - Unarmed
rCold  x . .     Clarity  +     c - +0 robe
rNeg   . . .     Conserve .     (shield restricted)
rPois  +         rCorr    .     (helmet restricted)
rElec  .         rRot     .     E - +1 cloak "Xihy" {Str+2}
SustAb . .       Spirit   .     (gloves unavailable)
rMut   .         Warding  .     (boots unavailable)
Gourm  +         Stasis   .     B - amulet of clarity
MR     ++...                    p - ring "Ynaojey" {Fire Contam +Inv rPois MR++ Str+4}
                                m - +5,+4 ring of slaying

@: stone skin, mighty, agile, drained, very slow, very resistant to hostile
enchantments, quite stealthy
A: unfitting armour, claws 3, talons 1, blink 1, fast metabolism 3, gourmand,
poison resistance, regeneration 2, robust 1, saprovore 2, shaggy fur 1, tough
skin 2, wild magic 1
a: Blink, Bend Time, Temporal Distortion, Slouch, Renounce Religion, Evoke
Invisibility


You were on level 3 of the Elven Halls.
You worshipped Cheibriados.
Cheibriados was greatly pleased with you.
You were completely stuffed.

You visited 4 branches of the dungeon, and saw 26 of its levels.
You also visited: Labyrinth and Bailey.

You collected 2273 gold pieces.
You spent 1681 gold pieces at shops.

Inventory:

Hand weapons
 x - the +2,+3 trident of Kazuecuju {venom, rElec rF++ Dex+2}
   (You found it in a labyrinth)

   It poisons the flesh of those it strikes.
   It affects your dexterity (+2).
   It greatly protects you from fire.
   It insulates you from electricity.
Missiles
 h - 6 large rocks (quivered)
 Q - 8 curare-tipped needles
 X - a throwing net
Armour
 c - a +0 robe (worn)
 E - the +1 cloak "Xihy" (worn) {Str+2}
   (You bought it in a shop on level 4 of the Orcish Mines)

   It affects your strength (+2).
Magical devices
 b - a wand of disintegration (16)
 e - a wand of disintegration (3)
 r - a wand of polymorph (14)
 u - a wand of lightning (6)
 y - a wand of disintegration (12)
 C - a wand of disintegration (6)
 F - a wand of disintegration (24)
 L - a wand of draining (6)
 M - a wand of cold (2)
 N - a wand of lightning (1)
 T - a wand of lightning (1)
Comestibles
 a - 12 meat rations
 f - 4 chokos
 D - 9 bread rations
 I - 2 bananas
 J - a snozzcumber
 P - 3 pears
 U - 18 cheeses
 V - 4 oranges
Scrolls
 n - 3 scrolls of remove curse
 q - a scroll of teleportation
 z - a scroll of magic mapping
 G - a scroll of noise
 S - 3 scrolls of fog
 Z - a scroll of vulnerability
Jewellery
 m - a +5,+4 ring of slaying (left claw)
 o - an uncursed ring of see invisible
 p - the ring "Ynaojey" (right claw) {Fire Contam +Inv rPois MR++ Str+4}
   (You bought it in a shop on level 4 of the Orcish Mines)

   [ring of fire]

   It affects your strength (+4).
   It protects you from poison.
   It affects your resistance to hostile enchantments.
   It lets you turn invisible.
   It causes magical contamination when unequipped.
 t - an uncursed ring of protection from cold
 v - an uncursed ring of magical power
 B - an amulet of clarity (around neck)
 W - an uncursed ring of ice
Potions
 g - 2 potions of magic
 i - a potion of resistance
 j - 15 potions of curing
 H - 4 potions of heal wounds
 K - a potion of restore abilities
 O - a potion of agility
 Y - 2 potions of might
Books
 d - a book of Geomancy

   Spells                             Type                      Level
   *Sandblast                         Earth                        1
   *Stoneskin                         Transmutation/Earth          2
   Passwall                           Transmutation/Earth          3
   Stone Arrow                        Conjuration/Earth            3
   Petrify                            Transmutation/Earth          4
   Lee's Rapid Deconstruction         Earth                        5
Magical staves
 A - an uncursed staff of power
Miscellaneous
 l - a lantern of shadows
 R - a plain deck of dungeons {Dowsing, drawn: 3}
Rods
 k - a +6 lightning rod (12/12)
   (You took it off a minotaur in a labyrinth)


   Skills:
 - Level 9.0(7.9) Fighting
 - Level 9.0(7.9) Dodging
 - Level 1.1(0.2) Stealth
 * Level 15.9(14.6) Unarmed Combat
 + Level 4.1(3.1) Spellcasting
 - Level 1.2(0.3) Transmutations
 + Level 6.3(5.2) Earth Magic
 - Level 10.0(8.8) Invocations
 - Level 8.0(6.9) Evocations


You had 19 spell levels left.
You knew the following spells:

 Your Spells              Type           Power        Failure   Level  Hunger
a - Sandblast             Erth           #####.       4%          1    None
b - Stoneskin             Trmt/Erth      ###.......   16%         2    ##.....


Dungeon Overview and Level Annotations

Branches:
Dungeon (11/16)            Temple (0/1) D:4             Orc (4/4) D:11
    Elf (3/3) Orc:4          Lair (8/8) D:10          Swamp (0/5) Lair:3
  Snake (0/5) Lair:5        Slime (0/6) Lair:6

Altars:
Cheibriados
Dithmenos
Fedhas
Trog
Vehumet
Xom
Beogh

Shops:
D:4 !   D:7 *   D:11 !   Orc:1 [   Orc:3 (   Orc:4 :*[(=   Elf:3 %

Annotations:
D:9 Erolcha
Orc:1 CURE MUT!!!!!!!!!!!!!!!!!!!!!!!!!!!!!!!!!!!!!
Lair:6 3 azure


Innate Abilities, Weirdness & Mutations

You are too large for most types of armour.
You have claws for hands.
Your metabolism is lightning-fast.
You like to eat raw meat.
You heal very quickly.
You can eat rotten meat.
You are covered in fur (AC +1).
You have very tough skin (AC +2).
You have sharp toenails.
You can translocate small distances at will.
Your system is resistant to poisons.
You are robust (+10% HP).
Your spells are a little harder to cast, but a little more powerful.


Message History

The deep elf blademaster hits you but does no damage.
The deep elf blademaster hits you with a quick blade.
* * * LOW HITPOINT WARNING * * *
Unknown command.
You eviscerate the deep elf blademaster!!!
The deep elf blademaster begins to bleed from its wounds!
Your kick misses the deep elf blademaster.
Your punch misses the deep elf blademaster.
The deep elf blademaster is moderately wounded.
The deep elf blademaster hits you but does no damage.
The deep elf blademaster barely misses you.
Unknown command.
You mangle the deep elf blademaster!!
Your kick misses the deep elf blademaster.
You claw the deep elf blademaster!
The deep elf blademaster is severely wounded.
The deep elf blademaster hits you with a quick blade!
* * * LOW HITPOINT WARNING * * *
The deep elf blademaster hits you with a quick blade!
You die...

**,,,**,,,,,,,,,*#.#*,,,,, ,,,*
#+#***,,,,,,,,,*#.# ,,,,,,,,,* *
#.# * ,,,,,,,,*#.#*,,,,,,,,,* *
#.# **********##e##********** *
#.# ##...#* *
##.#############..#..#
###...............)###.#
+....#############).#,.#***
###..# #@#..#*..,,* # #..#
##e#.#**##,* # #..# ###.# *,*
###''## *#.#**** ** *** ......#
**...,,,,,,***,,, ......# **,...
,, ,,,**,,, ......#
**,,....,,,,,,,*,,, ......####**
**,,,....,,,,,, , ,,
.<....'....,,,+,,,,.,,,,,,,,,,,,,


You could see a deep elf blademaster (bleeding).

Vanquished Creatures
  Rupert (Lair:5)
  3 azure jellies (Lair:6)
  2 orc warlords (Orc:4)
  2 deep elf sorcerers (Elf:3)
  2 deep elf demonologists (Elf:3)
  A deep elf annihilator (Elf:3)
  The ghost of Tolias the Cruncher, a powerful HEAE of Vehumet (D:11)
  A minotaur (Lab)
  2 deep elf death magi (Elf:3)
  A large abomination (Elf:3)
  2 hydras
  Nessos (Elf:2)
  A spectral elf (Elf:3)
  Nergalle (Lair:7)
  4 orc high priests (Orc:4)
  The ghost of uri the Cleaver, an experienced DDBe of Trog (Bailey)
  An iron troll (Orc:4)
  An unseen horror (D:6)
  The ghost of lorenzova the Thaumaturge, an experienced DEFE of Sif Muna (D:8)
  3 deep elf summoners
  6 orc knights
  Pikel (D:7)
  2 hill giants (D:11)
  7 orc sorcerers (Orc:4)
  3 sixfirhies (Orc:4)
  5 elephants (Lair:8)
  A griffon (Lair:7)
  4 black mambas
  2 spriggan druids (Lair:8)
  10 spiny frogs
  An orange demon (Orc:4)
  2 demonic crawlers (Elf:1)
  11 giant fireflies (Lair:8)
  A two-headed ogre (Orc:2)
  4 wandering mushrooms
  A blue devil (Orc:4)
  9 spriggans (Lair:8)
  A fire drake (Lair:7)
  7 komodo dragons
  3 trolls
  A polar bear (Lair:7)
  2 basilisks
  6 grizzly bears (Lair:8)
  15 blink frogs
  2 trapdoor spiders (Lab)
  35 yaks
  A tarantella (Elf:1)
  2 deep elf magi (Elf:3)
  A shadow (Lab)
  Eustachio (D:7)
  2 elephant slugs (Lair:7)
  2 steam dragons
  A hungry ghost (D:10)
  7 sharks
  23 wolves (Lair:8)
  4 hippogriffs
  3 nagas (Lair:5)
  7 wargs
  5 deep elf fighters
  10 water moccasins
  4 gargoyles (Lab)
  9 porcupines
  7 black bears (Lair:8)
  2 giant goldfish
  47 orc warriors
  A necrophage (D:7)
  4 sky beasts
  A yellow wasp (Lair:3)
  3 slaves (D:7)
  8 ogres
  An ice beast (D:6)
  A lost soul (Elf:3)
  3 boring beetles
  10 crocodiles
  6 centaurs
  7 giant slugs
  A gnoll sergeant (D:10)
  Blork the orc (D:5)
  11 giant frogs
  5 scorpions
  10 wights
  14 killer bees
  5 electric eels
  2 goliath beetles
  9 hounds
  5 crimson imps
  A quasit (D:11)
  Crazy Yiuf (D:3)
  3 big fish
  25 orc priests
  3 jellies
  38 orc wizards
  A giant frog skeleton (D:10)
  A spectral orc (Lair:7)
  7 worker ants
  A gnoll shaman (D:6)
  5 iguanas
  2 orange rats
  25 sheep
  Ijyb (D:3)
  A mottled dragon zombie (D:9)
  2 hound zombies
  A hound skeleton (D:11)
  A worker ant zombie (D:3)
  27 adders
  25 green rats
  20 gnolls
  An orc skeleton (D:8)
  6 giant mites
  4 worms
  An adder zombie (D:5)
  4 giant geckos
  2 oozes
  179 orcs
  2 bat skeletons
  5 giant cockroaches
  28 goblins
  26 hobgoblins
  13 quokkas
  2 ball pythons (D:2)
  27 bats
  3 giant newts
  2 hobgoblin skeletons
  15 jackals
  25 kobolds
  A quokka skeleton (D:8)
  26 rats
  A rat skeleton (D:7)
  A crawling corpse (Elf:3)
  2 fungi
  2 plants
989 creatures vanquished.

Vanquished Creatures (others)
  A slave (D:7)
  An ogre (D:6)
  2 lost souls (Elf:3)
  An electric eel (D:9)
  A jackal (D:9)
  An orc (Orc:4)
  10 fungi
17 creatures vanquished.

Grand Total: 1006 creatures vanquished

Notes
Turn   | Place    | Note
--------------------------------------------------------------
     0 | D:1      | 4tharraofdagon, the Troll Earth Elementalist, began the quest for the Orb.
     0 | D:1      | Reached XP level 1. HP: 16/16 MP: 2/2
    71 | D:1      | Found a snail-covered altar of Cheibriados.
    83 | D:1      | Became a worshipper of Cheibriados the Contemplative
   117 | D:2      | Reached skill level 1 in Unarmed Combat
   153 | D:2      | Reached XP level 2. HP: 12/24 MP: 2/2
   267 | D:2      | Learned a level 2 spell: Stoneskin
   337 | D:2      | Reached skill level 3 in Earth Magic
   337 | D:2      | Reached XP level 3. HP: 30/32 MP: 3/3
   409 | D:2      | Reached skill level 1 in Transmutations
   537 | D:3      | Reached XP level 4. HP: 40/40 MP: 4/4
   591 | D:2      | Found a radiant altar of Vehumet.
   618 | D:3      | Noticed Crazy Yiuf
   623 | D:3      | Killed Crazy Yiuf
   623 | D:3      | Reached skill level 1 in Fighting
   760 | D:3      | Noticed Ijyb
   780 | D:3      | Killed Ijyb
   780 | D:3      | Reached XP level 5. HP: 37/48 MP: 4/4
   965 | D:4      | Reached skill level 1 in Invocations
   973 | D:4      | Found Cops' Distillery.
   976 | D:4      | Bought a potion of mutation for 32 gold pieces
   977 | D:4      | Gained mutation: Your system is resistant to poisons. [potion of mutation]
   977 | D:4      | Gained mutation: You are robust (+10% HP). [potion of mutation]
   977 | D:4      | Gained mutation: You can translocate small distances at will. [potion of mutation]
   980 | D:4      | Found a staircase to the Ecumenical Temple.
  1034 | D:4      | Noticed an ogre
  1047 | D:4      | Killed an ogre
  1047 | D:4      | Reached XP level 6. HP: 49/62 MP: 2/5
  1058 | D:4      | Acquired Cheibriados' first power
  1286 | D:4      | Reached skill level 4 in Unarmed Combat
  1306 | D:5      | Entered Level 5 of the Dungeon
  1437 | D:5      | Noticed Blork the orc
  1455 | D:5      | Killed Blork the orc
  1470 | D:5      | Reached XP level 7. HP: 27/71 MP: 6/6
  1607 | D:5      | Reached skill level 5 in Unarmed Combat
  1696 | D:6      | Acquired Cheibriados' second power
  1943 | D:6      | Noticed an unseen horror
  1952 | D:6      | Killed an unseen horror
  1952 | D:6      | Reached skill level 6 in Unarmed Combat
  1952 | D:6      | Reached XP level 8. HP: 59/82 MP: 7/8
  2096 | D:6      | Reached skill level 7 in Unarmed Combat
  2100 | D:6      | Acquired Cheibriados' third power
  2167 | D:6      | Reached XP level 9. HP: 92/92 MP: 10/10
  2505 | D:7      | Noticed Pikel
  2518 | D:7      | Killed Pikel
  2518 | D:7      | Reached skill level 8 in Unarmed Combat
  2533 | D:7      | Reached skill level 5 in Invocations
  2595 | D:6      | Reached skill level 5 in Dodging
  2729 | D:7      | Found Waib's General Store.
  2739 | D:7      | Bought a scroll of blinking for 97 gold pieces
  2746 | D:7      | Reached skill level 9 in Unarmed Combat
  2799 | D:7      | Reached skill level 5 in Fighting
  2835 | D:7      | Noticed Eustachio
  2843 | D:7      | Killed Eustachio
  2889 | D:7      | Reached XP level 10. HP: 87/105 MP: 13/13
  2945 | D:7      | Reached skill level 1 in Evocations
  3095 | D:8      | Found a blossoming altar of Fedhas.
  3286 | D:8      | Noticed lorenzova's ghost (experienced DEFE)
  3372 | D:7      | Found a shadowy altar of Dithmenos.
  3382 | D:8      | Found a bloodstained altar of Trog.
  3395 | D:8      | Killed lorenzova's ghost
  3647 | D:9      | Noticed Erolcha
  3741 | D:10     | Entered Level 10 of the Dungeon
  3938 | D:10     | Reached skill level 10 in Unarmed Combat
  4394 | D:10     | Found a staircase to the Lair.
  4399 | D:10     | Reached XP level 11. HP: 108/115 MP: 10/16
  4535 | Lair:1   | Entered Level 1 of the Lair of Beasts
  4767 | Lair:1   | Identified the Almanac of the Swan (You found it on level 1 of the Lair of Beasts)
  4860 | Lair:1   | Noticed a four-headed hydra
  4890 | Lair:2   | Reached skill level 11 in Unarmed Combat
  5041 | Lair:2   | Noticed an eight-headed hydra
  5255 | Lair:3   | Found a staircase to the Swamp.
  5279 | Lair:3   | Noticed a four-headed hydra
  5567 | Lair:4   | Reached skill level 5 in Evocations
  5567 | Lair:4   | Reached XP level 12. HP: 86/126 MP: 16/19
  5587 | Lair:4   | Found a labyrinth entrance.
  5624 | Lab      | Entered a labyrinth
  5770 | Lab      | Reached skill level 12 in Unarmed Combat
  5863 | Lab      | Noticed a minotaur
  5872 | Lab      | Killed a minotaur
  5885 | Lab      | LORD OF TRASH vol.47
  5885 | Lab      | Got an ebony trident
  5889 | Lair:4   | Identified the +2,+3 trident of Kazuecuju {venom, rElec rF++ Dex+2} (You found it in a labyrinth)
  6021 | Lair:4   | Noticed a four-headed hydra
  6026 | Lair:4   | Killed a four-headed hydra
  6114 | Lair:5   | Found a staircase to the Snake Pit.
  6197 | Lair:5   | Noticed Rupert
  6204 | Lair:5   | Paralysed by Rupert for 7 turns
  6217 | Lair:5   | Killed Rupert
  6591 | Lair:6   | Found a staircase to the Slime Pits.
  6591 | Lair:6   | Noticed an azure jelly
  6591 | Lair:6   | Noticed an azure jelly
  6591 | Lair:6   | Noticed an azure jelly
  6650 | Lair:7   | Noticed Nergalle
  6654 | Lair:7   | Killed Nergalle
  7074 | Lair:7   | Reached skill level 13 in Unarmed Combat
  7153 | Lair:7   | Reached XP level 13. HP: 90/139 MP: 21/21
  7264 | Lair:8   | Entered Level 8 of the Lair of Beasts
  7939 | Lair:8   | Reached skill level 14 in Unarmed Combat
  8037 | Lair:8   | Found a shimmering altar of Xom.
  8142 | Lair:8   | Identified a scroll of acquirement
  8143 | Lair:8   | Got a dazzling swamp dragon armour
  8154 | Lair:8   | Identified the +0 swamp dragon armour of Doehees {rPois Dam-4 SInv} (You acquired it on level 8 of the Lair of Beasts)
  8372 | Lair:7   | Reached XP level 14. HP: 123/150 MP: 23/23
  8468 | Lair:6   | Killed an azure jelly
  8468 | Lair:6   | Killed an azure jelly
  8469 | Lair:6   | Killed an azure jelly
  8526 | Lair:6   | Noticed an eight-headed hydra
  8833 | Lair:3   | Killed a four-headed hydra
  9132 | D:11     | Noticed Tolias' ghost (powerful HEAE)
  9143 | D:11     | Killed Tolias' ghost
  9147 | D:11     | RIP bud
  9175 | D:11     | Found Sticzep's Distillery.
  9184 | D:11     | Bought a potion of heal wounds for 45 gold pieces
  9184 | D:11     | Bought a potion of might for 37 gold pieces
  9184 | D:11     | Bought a potion of curing for 30 gold pieces
  9184 | D:11     | Bought a potion of resistance for 105 gold pieces
  9236 | D:11     | Found a staircase to the Orcish Mines.
  9289 | D:11     | Found a roughly hewn altar of Beogh.
  9289 | D:11     | Noticed a hill giant
  9293 | D:11     | Killed a hill giant
  9311 | Orc:1    | Entered Level 1 of the Orcish Mines
  9371 | Orc:1    | Found Twietolo's Antique Armour Shoppe.
  9432 | Orc:1    | Found a flagged portal.
  9466 | Bailey   | Entered a bailey
  9468 | Bailey   | Noticed uri's ghost (experienced DDBe)
  9480 | Bailey   | Killed uri's ghost
  9623 | Bailey   | Gained mutation: You have sharp toenails. [potion of beneficial mutation]
  9624 | Bailey   | Gained mutation: Your spells are a little harder to cast, but a little more powerful. [potion of beneficial mutation]
  9653 | Orc:1    | Bought a glowing cloak for 103 gold pieces
  9848 | Orc:3    | Found Ysouheam's Antique Weapon Shoppe.
 10007 | Orc:4    | Entered Level 4 of the Orcish Mines
 10237 | Orc:3    | Reached skill level 10 in Invocations
 10576 | Orc:4    | Found Mozxair's Book Emporium.
 10596 | Orc:4    | Reached skill level 15 in Unarmed Combat
 10738 | Orc:4    | Noticed an orc warlord
 10749 | Orc:4    | Killed an orc warlord
 10757 | Orc:4    | Reached skill level 5 in Earth Magic
 10834 | Orc:4    | Noticed an orc warlord
 10834 | Orc:4    | Found Mnor's General Store.
 11058 | Orc:4    | Bought a scroll of identify for 28 gold pieces
 11058 | Orc:4    | Bought a scroll of identify for 28 gold pieces
 11058 | Orc:4    | Bought 2 potions of curing for 56 gold pieces
 11133 | Orc:4    | Found Aracalel's Antique Armour Shop.
 11138 | Orc:4    | Paralysed by an orc sorcerer for 6 turns
 11151 | Orc:4    | Bought a polished cloak for 332 gold pieces
 11156 | Orc:4    | Identified the +1 cloak "Xihy" {Str+2} (You bought it in a shop on level 4 of the Orcish Mines)
 11213 | Orc:4    | Noticed an orc warlord
 11227 | Orc:4    | Killed an orc warlord
 11229 | Orc:4    | Reached XP level 15. HP: 78/160 MP: 25/25
 11241 | Orc:4    | Found Fraemiq's Antique Weapon Shop.
 11256 | Orc:4    | Found a staircase to the Elven Halls.
 11259 | Orc:4    | Found Gukhi's Jewellery Emporium.
 11288 | Orc:4    | Bought the ring "Ynaojey" {Fire Contam +Inv rPois MR++ Str+4} for 732 gold pieces
 11342 | Orc:4    | Bought a cursed -2 ring of intelligence for 28 gold pieces
 11342 | Orc:4    | Bought a cursed -3 ring of evasion for 28 gold pieces
 11360 | Elf:1    | Entered Level 1 of the Elven Halls
 11451 | Elf:3    | Entered Level 3 of the Elven Halls
 11457 | Elf:2    | Noticed Nessos
 11464 | Elf:2    | Killed Nessos
 11468 | Elf:3    | Found Zetychy's Food Emporium.
 11954 | Elf:3    | Noticed a deep elf blademaster
 11962 | Elf:3    | Mangled by a deep elf blademaster

Action                   |  1- 3 |  4- 6 |  7- 9 | 10-12 | 13-15 || total
-------------------------+-------+-------+-------+-------+-------++-------
Melee: Unarmed           |    67 |   192 |   261 |   676 |   880 ||  2076
       Rod               |       |       |       |       |    32 ||    32
Throw: Throwing net      |       |       |       |     1 |       ||     1
       Large rock        |       |       |       |    20 |     2 ||    22
 Cast: Stoneskin         |       |     1 |       |    15 |    10 ||    26
Invok: Slouch            |       |       |     2 |    16 |    28 ||    46
       Temporal Distorti |       |       |       |       |     1 ||     1
Evoke: Wand              |       |     3 |     1 |    12 |     7 ||    23
       Rod               |       |       |       |     3 |     6 ||     9
       Deck              |       |       |       |     3 |       ||     3
  Use: Potion            |       |     1 |     1 |       |     6 ||     8
       Scroll            |       |     5 |     3 |    23 |     9 ||    40
 Stab: Sleeping          |       |     1 |     5 |     9 |     5 ||    20
       Distracted        |       |       |     1 |       |     1 ||     2
       Held in net/web   |       |       |       |     1 |       ||     1
